 Dungeon Crawl Stone Soup version 0.22-a0-580-gd5db89c (webtiles) character file.

606 iamserjio the Firebug (level 6, -15/47 HPs)
             Began as a Demigod Fire Elementalist on July 3, 2018.
             Killed from afar by Ijyb (20 damage)
             ... with a wand of acid (5)
             ... on level 3 of the Dungeon.
             The game lasted 00:13:30 (5134 turns).

iamserjio the Firebug (Demigod Fire Elementalist)   Turns: 5134, Time: 00:13:30

Health: -15/47     AC: -2    Str: 11    XL:     6   Next: 98%
Magic:  6/14       EV: 13    Int: 23    God:
Gold:   169        SH:  0    Dex: 16    Spells: 4/12 levels left

rFire    . . .     SeeInvis .   t - +2 dagger (venom)
rCold    . . .     Gourm    .   (no shield)
rNeg     . . .     Faith    .   a - +0 robe
rPois    .         Spirit   .   (no helmet)
rElec    .         Reflect  .   (no cloak)
rCorr    .         Harm     .   (no gloves)
MR       .....                  (no boots)
Stlth    ++........             (no amulet)
HPRegen  0.15/turn              (no ring)
MPRegen  0.14/turn              (no ring)

@: corroded
A: high mp 1
a: no special abilities


You were on level 3 of the Dungeon.
You were hungry.

You visited 1 branch of the dungeon, and saw 4 of its levels.

You collected 169 gold pieces.

Inventory:

Hand Weapons
 b - a +0 club
 h - a +0 short sword
 n - a +0 dagger of venom
 p - a +4 flail
 t - a +2 dagger of venom (weapon)
 x - a +1 dire flail of protection
 A - a +3 falchion of slicing
Missiles
 v - 41 stones (quivered)
Armour
 a - a +0 robe (worn)
 s - a +0 leather armour
 y - a +0 ring mail
Wands
 q - a wand of random effects (44)
 r - a wand of flame (22)
Scrolls
 e - 2 scrolls of teleportation
 f - 2 scrolls of enchant weapon
 k - 2 scrolls of enchant armour {unknown}
 m - 2 scrolls of magic mapping {unknown}
 u - 2 scrolls of fear {unknown}
 w - a scroll of fog {unknown}
Potions
 g - a potion of haste
 i - a potion of invisibility {unknown}
 j - a potion of brilliance {unknown}
 l - 2 potions of magic
 o - 4 potions of mutation
Comestibles
 c - 7 rations
 z - a chunk of flesh


   Skills:
 + Level 1.5 Fighting
 + Level 2.5 Dodging
 - Level 1.7 Stealth
 * Level 3.7 Spellcasting
 * Level 4.0 Conjurations
 * Level 4.4 Fire Magic


You had 4 spell levels left.
You knew the following spells:

 Your Spells              Type           Power        Failure   Level  Hunger
a - Flame Tongue          Conj/Fire      ###..        1%          1    None
b - Conjure Flame         Conj/Fire      ###.....     5%          3    ###....
c - Sticky Flame          Conj/Fire      ###.....     19%         4    ####...

Your spell library contained the following spells:

 Spells                   Type           Power        Failure   Level  Hunger
 Fireball                 Conj/Fire      ###.......   45%         5    ######.
 Throw Flame              Conj/Fire      ###...       2%          2    #......
 Inner Flame              Hex/Fire       ##......     13%         3    ###....


Dungeon Overview and Level Annotations

Branches:
Dungeon (4/15)
 Temple: D:4-7

Annotations:
D:3 Ijyb, Sigmund


Innate Abilities, Weirdness & Mutations

You have an increased reservoir of magic. (+10% MP)


Message History

Ouch! That really hurt!
The acid corrodes you!
You are splashed with acid!
The acid burns!
* * * LOW HITPOINT WARNING * * *
Casting: Flame Tongue (safe; 1% risk of failure)
Confirm with . or Enter, or press ? or * to list all spells.
Okay, then.
Casting: Flame Tongue (safe; 1% risk of failure)
Confirm with . or Enter, or press ? or * to list all spells.
Aiming: Flame Tongue (safe; 1% risk of failure)
Press: ? - help, Shift-Dir - straight line, f/p - Ijyb
Aim: Ijyb, wielding a dagger, wearing a chain mail and carrying a wand of acid (5) (almost dead)
The flame tongue hits Ijyb.
Ijyb appears unharmed.
Ijyb is almost dead.
Ijyb hits you with a dagger.
* * * LOW HITPOINT WARNING * * *
You hit Ijyb but do no damage.
Ijyb is almost dead.
Ijyb zaps a wand.
The bolt of acid hits you!
You die...

#......###........#####
###.....######.#..#####
######.....# #.#.......
...........# ###'##.....#
...#.#'#### #......###.#
# #.#.# #......# #.# #
#.#######......###'# ##
#.......'...........
...#.##.@................
.......g###.#.###........
.......# # #........
.....#.## #.###.##.....
###..... #.....# ....
####....#########.# ..g
............#.[...# +#
#####...###.#.###.####
#.......# #.#.# #....#


You could see Ijyb.

Vanquished Creatures
  Edmund (D:4)
  An ogre (D:4)
  A scorpion (D:4)
  2 bullfrog skeletons (D:4)
  An orc priest (D:4)
  Terence (D:2)
  2 worker ants (D:4)
  10 adders
  A gnoll (D:1)
  An ooze (D:3)
  4 worms
  3 dart slugs
  2 leopard geckos
  6 orcs
  2 giant cockroaches
  9 goblins
  4 hobgoblins
  A quokka (D:3)
  2 ball pythons
  11 bats
  5 frilled lizards
  11 kobolds
  A leopard gecko zombie (D:4)
  6 rats
88 creatures vanquished.

Notes
Turn   | Place    | Note
-------+----------+-------------------------------------------
     0 | D:1      | iamserjio the Demigod Fire Elementalist began the quest for the Orb.
     0 | D:1      | Reached XP level 1. HP: 14/14 MP: 5/5
   273 | D:1      | Reached skill level 1 in Conjurations
   318 | D:1      | Found a shattered altar of Ashenzari.
   581 | D:1      | Reached XP level 2. HP: 18/20 MP: 4/7
   972 | D:2      | Noticed Terence
  1086 | D:2      | Reached XP level 3. HP: 24/26 MP: 6/9
  1225 | D:2      | Learned a level 3 spell: Conjure Flame
  1521 | D:2      | Killed Terence
  1521 | D:2      | Reached XP level 4. HP: 8/33 MP: 3/10
  2361 | D:2      | Found a shadowy altar of Dithmenos.
  2701 | D:2      | Learned a level 4 spell: Sticky Flame
  2711 | D:3      | Noticed Ijyb
  3496 | D:3      | Found an ancient bone altar of Kikubaaqudgha.
  3526 | D:4      | Noticed an ogre
  3532 | D:4      | Killed an ogre
  3532 | D:4      | Reached XP level 5. HP: 39/39 MP: 3/12
  3614 | D:4      | Found a shimmering altar of Xom.
  3925 | D:4      | Reached XP level 6. HP: 31/46 MP: 9/13
  4276 | D:4      | Found a white marble altar of Elyvilon.
  4313 | D:4      | Reached skill level 1 in Fighting
  4353 | D:4      | Noticed Edmund
  4377 | D:4      | Killed Edmund
  4422 | D:4      | Found a sparkling altar of Nemelex Xobeh.
  5006 | D:3      | Noticed Sigmund
  5134 | D:3      | Killed from afar by Ijyb

Vault maps used:
D:1:      scummos_arrival_hexagon, st_stairs_3, nicolae_ashenzari_panopticon
D:2:      old_standard_altar, minmay_misc_feat_ornament, minmay_split_cup_small,
          uniq_terence
D:3:      kiku_gazebo_garden_becter, first_ration, supply_closet_lemuel,
          minmay_misc_feat_cross, uniq_sigmund, uniq_robin, uniq_ijyb
D:4:      kennysheep_mini, kennysheep_little_box, xom_butterflies, uniq_edmund

Skill      XL: |  1  2  3  4  5  6 |
---------------+-------------------+-----
Conjurations   | 1 2 3 4 |  4.0
Spellcasting   | 2 3 |  3.7
Fire Magic     | 3 4 |  4.4
Dodging        | 2 |  2.5
Fighting       | 1 |  1.5
Stealth        | |  1.7

Action                   |  1- 3 |  4- 6 || total
-------------------------+-------+-------++-------
Melee: Unarmed           |     7 |       ||     7
       Short sword       |     3 |       ||     3
       Dagger            |     5 |    67 ||    72
 Cast: Flame Tongue      |    71 |    82 ||   153
       Conjure Flame     |       |     5 ||     5
Evoke: Wand              |       |    10 ||    10
  Use: Scroll            |       |     5 ||     5
 Stab: Sleeping          |       |     3 ||     3
  Eat: Chunk             |     2 |    11 ||    13
Armor: Robe              |     5 |    16 ||    21
Dodge: Dodged            |    28 |    77 ||   105

Table legend:
 A = Spawn XP
 B = Non-spawn XP
 C = Spawn XP percentage of total XP
 D = Spawn monster count
 E = Non-spawn monster count
 F = Spawn count percentage of total count
 G = Total turns spent on level
                    A         B        C        D         E        F      G
               +---------+---------+-------+---------+---------+-------+---------
         Total |       0 |     867 |   0.0 |       0 |      88 |   0.0 |  5134
               +---------+---------+-------+---------+---------+-------+---------
           D:1 |       0 |      41 |   0.0 |       0 |      20 |   0.0 |  1025
           D:2 |       0 |     164 |   0.0 |       0 |      34 |   0.0 |  2180
           D:3 |       0 |      26 |   0.0 |       0 |      12 |   0.0 |   513
           D:4 |       0 |     636 |   0.0 |       0 |      22 |   0.0 |  1416
               +---------+---------+-------+---------+---------+-------+---------
